 Dungeon Crawl Stone Soup version 0.30-a0-743-gbfdf073431 (webtiles) character file.

Game seed: 18081856879560783901

10520 KleinerIrrer the Martial Artist (level 11, -2/115 HPs)
             Began as an Octopode Delver on Feb 4, 2023.
             Was an Initiate of Gozag.
             Killed from afar by a gargoyle (8 damage)
             ... with a stone arrow
             ... on level 11 of the Dungeon on Feb 5, 2023.
             The game lasted 00:34:37 (14268 turns).

KleinerIrrer the Martial Artist (Octopode Delver)  Turns: 14268, Time: 00:34:37

Health: -2/115     AC: 25    Str: 13    XL:     11   Next: 63%
Magic:  12/12      EV:  2    Int: 15    God:    Gozag
Gold:   88         SH:  0    Dex: 14    Spells: 4/12 levels left

rFire   + . .      SeeInvis .      - Unarmed
rCold   + . .      Faith    .    r - orb {light}
rNeg    . . .      Spirit   .    (helmet currently unavailable)
rPois   +          Reflect  .    (no amulet)
rElec   +          Harm     .    i - ring of willpower
rCorr   +          Rampage  .    l - ring of flight
Will    +....      NoTele   +    p - ring of wizardry
Stlth   ++                       G - ring of wizardry
HPRegen 0.39/turn                H - ring of ice
MPRegen 0.13/turn                D - ring of fire
                                 (no ring)
                                 (no ring)

@: mighty, tree-form, resistant, gold aura, glowing, studying Dodging
A: stationary, stasis, torment immunity, boosted hp, almost no armour,
(amphibious), 8 rings, (camouflage 1), (gelatinous body 1), (nimble swimmer 1),
(tentacles)
a: Renounce Religion, Potion Petition, Call Merchant, Bribe Branch


You were on level 11 of the Dungeon.
You worshipped Gozag.
Gozag was noncommittal.
You were a tree.
You visited 1 branch of the dungeon, and saw 11 of its levels.

You collected 2268 gold pieces.
You paid 2180 gold pieces to Gozag.

Inventory:

Hand Weapons
 g - the +5 sling of Ambiguity {flame, +Blink rN+}
   (You found it on level 5 of the Dungeon)

   rN:        It protects you from negative energy.
   +Blink:    It lets you blink.
Missiles
 j - 33 poisoned darts (quivered)
 y - a throwing net
Armour
 c - the +0 hat "Turghirixi" (melded) {rElec rC+}
   (You acquired it on level 3 of the Dungeon)

   rC:        It protects you from cold.
   rElec:     It insulates you from electricity.
 r - an orb of light (worn)
Jewellery
 i - a ring of willpower (left branch)
 l - a ring of flight (right branch)
 p - a ring of wizardry (on tentacle)
 D - a ring of fire (on tentacle)
 G - a ring of wizardry (on tentacle)
 H - a ring of ice (on tentacle)
Wands
 d - a wand of charming (2)
 e - a wand of digging (3)
 q - a wand of flame (12)
 u - a wand of roots (11)
Scrolls
 a - 3 scrolls of fog
 b - 3 scrolls of magic mapping
 h - 2 scrolls of poison {unknown}
 m - a scroll of noise {unknown}
 o - 5 scrolls of vulnerability
 s - a scroll of blinking {unknown}
 x - a scroll of amnesia
 A - 4 scrolls of brand weapon
 E - a scroll of enchant weapon {unknown}
 F - a scroll of butterflies {unknown}
Potions
 f - 5 potions of brilliance
 k - 3 potions of might
 t - a potion of ambrosia
 v - 3 potions of flight
 w - a potion of attraction
 B - 3 potions of mutation
 C - a potion of resistance


   Skills:
 - Level 8.3 Fighting
 - Level 11.4 Dodging
 - Level 6.6 Stealth
 + Level 14.0 Unarmed Combat
 * Level 1.2 Spellcasting
 * Level 1.4 Air Magic
 - Level 2.0 Poison Magic


You had 4 spell levels left.
You knew the following spells:

 Your Spells              Type           Power      Damage    Failure   Level
a - Beastly Appendage     Tmut           0%         N/A       7%          1
b - Call Imp              Summ           0%         N/A       11%         2
c - Wereblood             Tmut           0%         N/A       11%         2
d - Mephitic Cloud        Conj/Pois/Air  4%         N/A       12%         3

Your spell library contained the following spells:

 Spells                   Type           Power      Damage    Failure   Level
 Magic Dart               Conj           0%         1d3       7%          1
 Static Discharge         Conj/Air       6%         2-3/arc   7%          2
 Spider Form              Tmut/Pois      3%         N/A       13%         3
 Vhi's Electric Charge    Tloc/Air       6%         N/A       14%         3
 Ignite Poison            Fire/Tmut/Pois 4%         N/A       16%         3
 Sticky Flame             Conj/Fire      1%         2d3       50%         4
 Arcjolt                  Conj/Air       1%         1d11      73%         5
 Lightning Bolt           Conj/Air       1%         1d12      73%         5
 Ignition                 Fire           0%         3d3       100%        8


Dungeon Overview and Level Annotations

Branches:
Dungeon (11/15)            Temple (0/1) D:4
   Lair: D:8-11         Orc: D:9-12

Altars:
Ashenzari
Cheibriados
Gozag
Kikubaaqudgha
Makhleb
Nemelex Xobeh
Qazlal
Ru
Yredelemnul
Zin
The Shining One

Shops:
D:8 :   D:10 :


Innate Abilities, Weirdness & Mutations

You are a tree.
Your roots penetrate the ground, keeping you stationary.
You cannot be teleported.
You are immune to unholy pain and torment.
Your maximum health is greatly increased.
You cannot wear most types of armour.
((You are amphibious.))
You can wear up to eight rings at the same time.
((Your skin changes colour to match your surroundings (Stealth+).))
((Your rubbery body absorbs attacks. (AC +1, EV +1)))
((You are camouflaged when in or above water. (Stealth+)))
((You have tentacles for arms and can constrict up to eight enemies at once.))


Message History

You smack the gargoyle!
The gargoyle is heavily damaged.
You completely miss the gargoyle.
The gargoyle is heavily damaged.
The iguana bites you but does no damage.
The gargoyle hits you but does no damage.
You hit the gargoyle but do no damage.
You punch the gargoyle, but do no damage.
The gargoyle is heavily damaged.
The iguana bites you.
* * * LOW HITPOINT WARNING * * *
The gargoyle hurls a stone arrow at you.
The stone arrow hits you.
* * * LOW HITPOINT WARNING * * *
Cast which spell? (? or * to list)
You are stuck in your current form!
You hit the gargoyle but do no damage. You punch the gargoyle.
The gargoyle is severely damaged.
The iguana bites you!
* * * LOW HITPOINT WARNING * * *
The gargoyle hits you with a +0 flail!
* * * LOW HITPOINT WARNING * * *
Okay, then. [a] - 616 gold - heal wounds, lignification, might and resistance [b] - 999 gold - resistance, might, haste, heal wounds, curing and berserk rage [c] - 391 gold - lignification, might and resistance Purchase which effect?
You don't have enough gold for that! [a] - 616 gold - heal wounds, lignification, might and resistance [b] - 999 gold - resistance, might, haste, heal wounds, curing and berserk rage [c] - 391 gold - lignification, might and resistance Purchase which effect?
You no longer have enough gold to petition Gozag for potion effects.
You are stuck in your current form!
You feel very mighty all of a sudden.
You feel protected.
The iguana is distracted by your dazzling golden aura.
The gargoyle hurls a stone arrow at you.
The stone arrow hits you!
You die...
Your body crumbles into a pile of gold.

#........##..#..............
#.........#..#.<............
............................
#....##....##...............
##..##......................
####....(.........##.......
#..............##>......
##.........##...##.#.....
.......$♣.##....#..##....
.......$l9...##.....#....
......l.)....# ... #.....
........##...... ##....
........# ..##.. #....
......... ..# # #...$
........l ..# #.....
......##. .♣ ...#..$. ......
.. ......?..


You could see a basilisk, a gargoyle and an iguana (unaware).

Vanquished Creatures
  Erolcha (D:9)
  Pikel (D:4)
  A deep elf pyromancer (D:10)
  Maurice (D:8)
  A kobold demonologist (D:9)
  A troll (D:10)
  The ghost of Anamonty the Trooper, an amateur BaHs (D:5)
  A hornet (D:8)
  Grinder (D:5)
  Sigmund (D:2)
  A jumping spider (D:9)
  2 wyverns (D:11)
  17 yaks
  A basilisk (D:11)
  A steam dragon (D:9)
  A redback (D:9)
  2 acid dragons
  5 water moccasins
  An orc warrior (D:4)
  2 ice beasts (D:7)
  2 black bears
  A sky beast (D:4)
  A wolf (D:10)
  2 centaurs (D:8)
  3 kobold brigands
  4 bullfrogs
  4 scorpions
  8 wights
  15 killer bees
  4 hounds
  6 orc priests
  2 jellies (D:6)
  3 iguanas
  7 orc wizards
  Robin (D:2)
  7 gnolls (D:2)
  9 adders
  3 shadow imps
  3 white imps (D:6)
  An ufetubus (D:5)
  2 worms
  3 dart slugs
  32 orcs
  8 ball pythons
  4 bats
  2 bat zombies (D:3)
  6 endoplasms
  4 giant cockroaches
  19 goblins
  7 hobgoblins
  9 jackals
  5 quokkas
  A frilled lizard (D:1)
  13 kobolds
  3 rats
  A rat zombie (D:3)
248 creatures vanquished.

Vanquished Creatures (others)
  A fungus (D:11)
  14 plants
15 creatures vanquished.

Grand Total: 263 creatures vanquished

Notes
Turn   | Place    | Note
-------+----------+-------------------------------------------
     0 | D:5      | KleinerIrrer the Octopode Delver began the quest for the
                  | Orb.
     0 | D:5      | Reached XP level 1. HP: 16/16 MP: 1/1
    64 | D:5      | Found a glowing silver altar of Zin.
    94 | D:5      | Found a runed translucent door.
    99 | D:5      | Noticed Anamonty's ghost (amateur BaHs)
   104 | D:4      | Noticed a black bear
   188 | D:4      | Noticed a hound
   200 | D:4      | Killed a hound
   201 | D:4      | Reached skill level 3 in Unarmed Combat
   201 | D:4      | Reached XP level 2. HP: 21/21 MP: 2/2
   201 | D:4      | Reached XP level 3. HP: 26/26 MP: 3/3
   214 | D:4      | Noticed a sky beast
   303 | D:4      | Noticed a lemure
   303 | D:4      | Noticed Pikel
   325 | D:5      | Found an opulent altar of Gozag.
   331 | D:5      | Found a broken altar of Ashenzari.
   337 | D:5      | Identified the +5 sling of Ambiguity {flame, +Blink rN+}
   383 | D:5      | Reached skill level 4 in Unarmed Combat
   459 | D:5      | Became a worshipper of Gozag Ym Sagoz the Greedy
   484 | D:5      | Reached XP level 4. HP: 31/31 MP: 4/4
   568 | D:5      | Found a glowing golden altar of the Shining One.
   574 | D:5      | Noticed Grinder
   583 | D:5      | Killed Grinder
   584 | D:5      | Reached skill level 6 in Unarmed Combat
   584 | D:5      | Reached XP level 5. HP: 18/36 MP: 5/5
   584 | D:5      | Reached XP level 6. HP: 21/42 MP: 6/6
   915 | D:4      | Killed a black bear
  1016 | D:4      | Reached skill level 7 in Unarmed Combat
  1018 | D:4      | Noticed an orc warrior
  1101 | D:4      | Killed Pikel
  1102 | D:4      | Reached skill level 9 in Unarmed Combat
  1102 | D:4      | Reached XP level 7. HP: 6/46 MP: 7/7
  1102 | D:4      | Reached XP level 8. HP: 6/52 MP: 8/8
  1280 | D:4      | Found a staircase to the Ecumenical Temple.
  1623 | D:3      | Found an ancient bone altar of Kikubaaqudgha.
  2490 | D:2      | Noticed Robin
  2652 | D:2      | Killed Robin
  2823 | D:2      | Found a faded altar of an unknown god.
  2929 | D:2      | Noticed Sigmund
  2934 | D:2      | Killed Sigmund
  2935 | D:2      | Reached skill level 10 in Unarmed Combat
  4225 | D:3      | Identified a scroll of acquirement
  4225 | D:3      | Acquired the +0 hat "Turghirixi" {rElec rC+}
  4903 | D:5      | Reached skill level 11 in Unarmed Combat
  5134 | D:5      | Found a burning altar of Makhleb.
  5277 | D:5      | Reached XP level 9. HP: 56/56 MP: 9/9
  5507 | D:5      | Killed Anamonty's ghost
  5846 | D:6      | Reached skill level 12 in Unarmed Combat
  6791 | D:7      | Reached skill level 5 in Fighting
  7480 | D:8      | Acquired a manual of Dodging
  7550 | D:8      | Reached XP level 10. HP: 46/68 MP: 10/10
  7964 | D:8      | HP: 2/56 [wight/+5 war axe (1)]
  8364 | D:8      | Found Noxegusu's Book Boutique.
  8444 | D:8      | Reached skill level 13 in Unarmed Combat
  8679 | D:8      | Noticed Maurice
  8691 | D:8      | Killed Maurice
  8692 | D:8      | Reached skill level 5 in Dodging
  9288 | D:9      | Noticed a kobold demonologist
 10130 | D:9      | Killed a kobold demonologist
 10181 | D:9      | Noticed Erolcha
 10197 | D:9      | Killed Erolcha
 10528 | D:9      | Reached XP level 11. HP: 53/75 MP: 11/11
 10752 | D:9      | Found a runed translucent door.
 11245 | D:9      | Reached skill level 10 in Dodging
 11997 | D:10     | Entered Level 10 of the Dungeon
 12002 | D:9      | Upgraded the game from 0.30-a0-739-gea05faddec to
                  | 0.30-a0-743-gbfdf073431
 12257 | D:10     | Found a snail-covered altar of Cheibriados.
 12271 | D:10     | Noticed a deep elf pyromancer
 12289 | D:10     | Killed a deep elf pyromancer
 12628 | D:10     | Found a basalt altar of Yredelemnul.
 12759 | D:10     | Found Bigelusch's Book Emporium.
 13256 | D:10     | Found a sacrificial altar of Ru.
 13259 | D:10     | Found a sparkling altar of Nemelex Xobeh.
 13263 | D:10     | Found a stormy altar of Qazlal.
 13505 | D:10     | Learned a level 1 spell: Beastly Appendage
 13508 | D:10     | Learned a level 2 spell: Call Imp
 13511 | D:10     | Learned a level 2 spell: Wereblood
 13515 | D:10     | Learned a level 3 spell: Mephitic Cloud
 13825 | D:11     | Reached skill level 1 in Poison Magic
 13941 | D:11     | Noticed a boulder beetle
 14001 | D:11     | Noticed a two-headed ogre
 14029 | D:10     | Reached skill level 1 in Air Magic
 14259 | D:11     | Reached skill level 1 in Spellcasting
 14260 | D:11     | Reached skill level 14 in Unarmed Combat
 14268 | D:11     | Killed from afar by a gargoyle

Illustrated notes

Levels and vault maps discovered:
D:1:      lemuel_arrival_broad_hall, layout_rooms
D:2:      layout_loops_corners, dreamdust_ecumenical_altar_hidden_monk_grotto,
          uniq_robin, uniq_sigmund
D:3:      layout_basic, lemuel_zombie_altar_kikubaaqudgha,
          chequers_serial_rivers_micro_c
D:4:      layout_basic, minmay_temple_entry_stoned_glass, uniq_pikel
D:5:      layout_loops_ring, zin_academy, mainiacjoe_overflow_alcove_4,
          mainiacjoe_overflow_six_doors_small,
          mainiacjoe_overflow_catwalk_spiral, ebering_ghost_reflecting_pool,
          uniq_grinder
D:6:      layout_rooms
D:7:      layout_basic, st_stairs_13
D:8:      layout_layer_cave, serial_shops, nicolae_shop_statue_plus,
          uniq_maurice
D:9:      gammafunk_indiana_jones, layout_small_grid, uniq_erolcha
D:10:     layout_irregular_city, cheibriados_altar_2,
          grunt_temple_overflow_diamond, mainiacjoe_overflow_surrounded_room,
          serial_shops, nicolae_square_shop
D:11:     layout_cave_pools, minmay_lair_entry_grove

Skill      XL: |  1  2  3  4  5  6  7  8  9 10 11 |
---------------+----------------------------------+-----
Unarmed Combat | 3 4 6 9 11 12 13 14 | 14.0
Fighting       | 5 7 8 |  8.3
Dodging        | 9 11 | 11.4
Poison Magic   | 2 |  2.0
Air Magic      | 1 |  1.4
Spellcasting   | 1 |  1.2
Stealth        | |  6.6

Action                     |  1- 3 |  4- 6 |  7- 9 | 10-12 || total
---------------------------+-------+-------+-------+-------++-------
  Melee: Unarmed           |    11 |    16 |   154 |   227 ||   408
         Constrict         |     4 |     3 |    35 |    35 ||    77
         Tentacles         |     3 |     4 |    30 |    68 ||   105
         Punch             |       |     1 |     7 |    32 ||    40
   Fire: Sling             |    15 |    31 |   190 |    33 ||   269
  Throw: Dart              |       |       |       |     4 ||     4
 Invoke: Potion Petition   |       |       |       |     6 ||     6
    Use: Scroll            |       |     1 |     9 |     7 ||    17
         Potion            |       |     1 |     4 |     5 ||    10
   Stab: Sleeping          |       |       |     4 |       ||     4
         Distracted        |       |       |     2 |     3 ||     5
 Armour: Skin              |       |     3 |     4 |    14 ||    21
  Dodge: Dodged            |     5 |    27 |    91 |   162 ||   285

Table legend: (Time is in decaauts)
 A = Elapsed time spent in this place.
 B = Non-inter-level travel time spent in this place.
 C = Inter-level travel time spent in this place.
 D = Time resting spent in this place.
 E = Time spent auto-exploring this place.
 F = Levels seen in this place.
 G = Mean time per level.
                   A        B        C        D        E       F      G
               +--------+--------+--------+--------+--------+-----+--------+
         Total |  14235 |  11976 |   2259 |   2761 |   6948 |  11 | 1294.1 |
       Dungeon |  14235 |  11976 |   2259 |   2761 |   6948 |  11 | 1294.1 |
               +--------+--------+--------+--------+--------+-----+--------+

Top non-repeatable levels by time:
     D:8: 2861 daAuts
    D:10: 1927 daAuts
     D:9: 1866 daAuts
     D:5: 1596 daAuts
     D:4: 1552 daAuts
     D:2: 1191 daAuts
     D:7: 1031 daAuts
     D:3: 722 daAuts
     D:1: 704 daAuts
     D:6: 586 daAuts
    D:11: 195 daAuts
